 Dungeon Sprint DCSS version 0.25.1-9-gc5326a611f (webtiles) character file.

Game seed: 15532083691774489169

6100000 ytrimaz the Axe Maniac (level 27, -83/298 HPs)
             Began as a Deep Dwarf Gladiator on Apr 25, 2021.
             Was the Champion of Makhleb.
             Annihilated by a destroyer
             ... wielding a +9 vorpal great sword
              (111 damage)
             ... in the Dungeon (Sprint VIII: "Arena of Blood").
             The game lasted 00:04:50 (61 turns).

ytrimaz the Axe Maniac (Deep Dwarf Gladiator)         Turns: 61, Time: 00:04:51

Health: -83/298    AC:  8    Str: 28    XL:     27
Magic:  15/54      EV: 31    Int: 12    God:    Makhleb [******]
Gold:   0          SH:  0    Dex: 14    Spells: 80/80 levels left

rFire    . . .     SeeInvis .   l - +∞ Axe of Woe
rCold    . . .     Gourm    .   (shield currently unavailable)
rNeg     + . .     Faith    .   b - +0 leather armour
rPois    .         Spirit   .   c - +0 helmet
rElec    .         Reflect  .   (no cloak)
rCorr    .         Harm     .   (no gloves)
MR       ++++.     NoTele   +   (no boots)
Stlth    +++++++++.             (no amulet)
HPRegen  0.00/turn              (no ring)
MPRegen  0.34/turn              (no ring)

@: non-regenerating, slowed, very slow
A: damage resistance, heal wounds, negative energy resistance 1, sense
surroundings 3, no regeneration
a: Heal Wounds, Minor Destruction, Lesser Servant of Makhleb, Major Destruction,
Greater Servant of Makhleb, Renounce Religion


You were in the Dungeon.
You worshipped Makhleb.
Makhleb was exalted by your worship.
You were not hungry.

You visited 1 branch

Inventory:

Hand Weapons
 a - a +0 war axe
 l - the +∞ Axe of Woe (weapon)
   (You found it in the Dungeon)
Missiles
 d - 3 throwing nets (quivered)
Armour
 b - a +0 leather armour (worn)
 c - a +0 helmet (worn)
Scrolls
 k - a scroll of blinking
Potions
 e - a potion of curing
 g - a potion of heal wounds
 h - a potion of haste
 i - 2 potions of magic
 j - a potion of berserk rage
Comestibles
 f - a ration


   Skills:
 O Level 27 Fighting
 O Level 27 Axes
 O Level 27 Throwing
 O Level 27 Armour
 O Level 27 Dodging
 O Level 27 Stealth
 O Level 27 Unarmed Combat
 O Level 27 Spellcasting
 O Level 27 Invocations


You had 80 spell levels left.
You didn't know any spells.
Your spell library was empty.

Dungeon Overview and Level Annotations

Branches:
Dungeon (1/1)

Altars:
Makhleb

Annotations:
D The Servant


Innate Abilities, Weirdness & Mutations

You are resistant to damage.
You can heal yourself by infusing magical energy.
You resist negative energy. (rN+)
You passively map a large area around you.
You do not regenerate.


Message History

The large abomination is engulfed in blazing flames.
The accursed gestures at you while chanting.
Something smites you!
You hear a shout! x2
The destroyer blinks!
You hear a shout! x3
The Servant hits you from afar with a +9 glaive of flaming!!!!!
Ouch! That really hurt!
* * * LOW HITPOINT WARNING * * *
The Servant burns you!!
* * * LOW HITPOINT WARNING * * *
You hear a shout!
The tyrant is engulfed in blazing flames.
The tyrant mumbles some strange words.
The large abomination is engulfed in blazing flames.
An accursed comes into view.
The destroyer blinks!
You hear a shout!
The destroyer hits you with a +9 vorpal great sword!!!!
You die...

, #........_§..... ,,
,, *,..X...#)....# .O
, * , * ,
,...O..#_)<._#..§, * ,
......#X.)..#§.. ,,*,
,
,.#..MXOX%)_.§....,,,,
, ,,.§...XXL☼###§V....
*, ,,
....###X☼)§@..###. , ,
,, , ,..... #XXX)o§§#
, ,,,,, ,
,.....°#))@M%o.# , , ,
, , ,
.§...°%§VV)O..X.. , ,
, ,* #.....)))XoX%.X..
,, , ,
......L☼..XXL.V.. ,
#%.......X.X.XX## , ,
.....#%...%XX.#.. *, ,
..............# ., ,
,....##M#......., ,
.... .. ....... , ,


You could see 3 accurseds, 2 tentacled monstrosities, 3 tyrants, The Servant, 4
destroyers, 2 large bags of meat, 20 large abominations, a meat berserker
(berserk) and 3 bags of meat.

Vanquished Creatures
  2 greater mummies (D)
  14 vampire knights (D)
  21 ogres (D)
  4 two-headed ogres (D)
  A lich (D)
  44 orcs (D)
  2 skeletal warriors (D)
  6 large abominations (D)
  7 small abominations (D)
  3 crawling corpses (D)
104 creatures vanquished.

Vanquished Creatures (others)
  3 crawling corpses (D)
3 creatures vanquished.

Grand Total: 107 creatures vanquished

Notes
Turn   | Place    | Note
-------+----------+-------------------------------------------
     0 | D        | Found the +∞ Axe of Woe
     0 | D        | ytrimaz the Deep Dwarf Gladiator began the quest for the
                  | Orb.
     0 | D        | Reached XP level 1. HP: 19/19 MP: 1/1
     1 | D        | Noticed a bag of meat
     1 | D        | Noticed a meat berserker
     1 | D        | Noticed a bag of meat
     3 | D        | Became a worshipper of Makhleb the Destroyer
     4 | D        | Noticed a bag of meat
     5 | D        | Killed a meat berserker
     5 | D        | Reached XP level 2. HP: 40/40 MP: 1/11
     5 | D        | Reached XP level 3. HP: 48/48 MP: 1/13
     5 | D        | Reached XP level 4. HP: 55/55 MP: 1/14
     5 | D        | Reached XP level 5. HP: 62/62 MP: 1/16
     5 | D        | Reached XP level 6. HP: 70/70 MP: 1/17
     5 | D        | Reached XP level 7. HP: 76/76 MP: 1/19
     5 | D        | Reached XP level 8. HP: 85/85 MP: 1/20
     5 | D        | Gained mutation: You passively map the area around you.
                  | [Deep Dwarf growth]
     5 | D        | Reached XP level 9. HP: 92/92 MP: 1/21
     5 | D        | Reached XP level 10. HP: 99/99 MP: 1/22
     5 | D        | Reached XP level 11. HP: 106/106 MP: 1/23
     5 | D        | Reached XP level 12. HP: 115/115 MP: 1/24
     5 | D        | Reached XP level 13. HP: 121/121 MP: 1/25
     5 | D        | Noticed a bag of meat
     6 | D        | Killed a bag of meat
     6 | D        | Reached * piety under Makhleb
     6 | D        | Reached skill level 10 in Fighting
     6 | D        | Reached skill level 10 in Throwing
     6 | D        | Reached skill level 10 in Unarmed Combat
     6 | D        | Noticed a bag of meat
     6 | D        | Noticed a meat berserker
     8 | D        | Killed a bag of meat
     8 | D        | Reached skill level 10 in Spellcasting
     8 | D        | Gained mutation: You resist negative energy. (rN+) [Deep
                  | Dwarf growth]
     8 | D        | Reached XP level 14. HP: 135/135 MP: 1/28
     8 | D        | Killed a bag of meat
     8 | D        | Reached skill level 15 in Stealth
     8 | D        | Killed a bag of meat
     8 | D        | Reached ** piety under Makhleb
     8 | D        | Reached XP level 15. HP: 145/145 MP: 1/30
     9 | D        | Noticed a meat berserker
     9 | D        | Noticed a meat berserker
    10 | D        | Killed a meat berserker
    10 | D        | Reached skill level 15 in Armour
    10 | D        | Noticed a meat berserker
    12 | D        | Reached XP level 16. HP: 158/158 MP: 2/32
    13 | D        | Killed a meat berserker
    13 | D        | Reached *** piety under Makhleb
    13 | D        | Reached skill level 27 in Axes
    15 | D        | Killed a meat berserker
    15 | D        | Reached skill level 15 in Throwing
    15 | D        | Reached skill level 27 in Dodging
    15 | D        | Reached skill level 15 in Unarmed Combat
    15 | D        | Reached XP level 17. HP: 174/174 MP: 3/35
    15 | D        | Reached skill level 15 in Spellcasting
    15 | D        | Reached skill level 15 in Invocations
    16 | D        | Killed a meat berserker
    16 | D        | Reached **** piety under Makhleb
    16 | D        | Gained mutation: You passively map a large area around you.
                  | [Deep Dwarf growth]
    16 | D        | Reached XP level 18. HP: 188/188 MP: 3/38
    16 | D        | Noticed a meat berserker
    20 | D        | Noticed a meat berserker
    21 | D        | Reached XP level 19. HP: 205/205 MP: 4/41
    21 | D        | Noticed a destroyer
    22 | D        | Killed a meat berserker
    22 | D        | Reached ***** piety under Makhleb
    22 | D        | Reached skill level 27 in Stealth
    22 | D        | Noticed a meat berserker
    22 | D        | Noticed a destroyer
    24 | D        | Killed a destroyer
    24 | D        | Reached XP level 20. HP: 225/225 MP: 5/44
    25 | D        | Noticed a meat berserker
    26 | D        | Noticed a meat berserker
    26 | D        | Noticed a meat berserker
    27 | D        | Noticed a large bag of meat
    28 | D        | Noticed a meat berserker
    28 | D        | Reached skill level 27 in Invocations
    29 | D        | Noticed a meat berserker
    30 | D        | Killed a meat berserker
    30 | D        | Reached skill level 27 in Fighting
    30 | D        | Reached skill level 27 in Armour
    30 | D        | Killed a meat berserker
    30 | D        | Reached ****** piety under Makhleb
    30 | D        | Reached XP level 21. HP: 244/244 MP: 6/49
    30 | D        | Reached skill level 27 in Throwing
    30 | D        | Reached skill level 27 in Unarmed Combat
    31 | D        | Noticed a large bag of meat
    31 | D        | Noticed a destroyer
    32 | D        | Reached skill level 27 in Spellcasting
    32 | D        | Reached XP level 22. HP: 254/254 MP: 7/53
    34 | D        | Killed a destroyer
    34 | D        | Reached XP level 23. HP: 262/262 MP: 7/54
    34 | D        | Noticed a destroyer
    35 | D        | Reached XP level 24. HP: 272/272 MP: 7/54
    36 | D        | Killed a large bag of meat
    38 | D        | Reached XP level 25. HP: 280/280 MP: 8/54
    38 | D        | Killed a destroyer
    39 | D        | Noticed a destroyer
    39 | D        | Noticed a large bag of meat
    40 | D        | Noticed a destroyer
    41 | D        | Noticed a destroyer
    42 | D        | Noticed a destroyer
    43 | D        | Killed a large bag of meat
    43 | D        | Reached XP level 26. HP: 290/290 MP: 9/54
    43 | D        | Killed a destroyer
    43 | D        | Noticed a destroyer
    45 | D        | Noticed a large bag of meat
    45 | D        | Killed a destroyer
    45 | D        | Reached XP level 27. HP: 298/298 MP: 10/54
    46 | D        | Killed a destroyer
    46 | D        | Killed a large bag of meat
    47 | D        | Killed a destroyer
    47 | D        | Noticed a destroyer
    47 | D        | Noticed a destroyer
    50 | D        | Killed a destroyer
    50 | D        | Noticed a destroyer
    51 | D        | Noticed an accursed
    52 | D        | Noticed an accursed
    53 | D        | Noticed a tyrant
    53 | D        | Noticed a destroyer
    53 | D        | Noticed a destroyer
    54 | D        | Noticed an accursed
    54 | D        | Killed an accursed
    54 | D        | Killed a destroyer
    54 | D        | Killed a large bag of meat
    55 | D        | Noticed an accursed
    55 | D        | Noticed a tyrant
    55 | D        | Noticed a tyrant
    55 | D        | Noticed The Servant
    55 | D        | Noticed a destroyer
    55 | D        | Noticed an accursed
    55 | D        | Noticed a large bag of meat
    56 | D        | Killed a destroyer
    57 | D        | Killed a destroyer
    57 | D        | Killed a destroyer
    57 | D        | Noticed a tyrant
    58 | D        | Killed a destroyer
    58 | D        | Noticed a destroyer
    59 | D        | Killed an accursed
    59 | D        | Noticed a large bag of meat
    59 | D        | Noticed a destroyer
    59 | D        | Noticed a destroyer
    60 | D        | Killed a destroyer
    60 | D        | Noticed a dread
    61 | D        | Killed a tyrant
    61 | D        | Noticed an accursed
    61 | D        | Annihilated by a destroyer

Illustrated notes

Levels and vault maps discovered:
D:        meatsprint

Skill      XL: |  1  2  3  4  5  6  7  8  9 10 11 12 13 14 15 16 17 18 19 20 21 |
---------------+----------------------------------------------------------------+-----
Fighting       | 9 11 12 13 16 18 20 24 27 | 27.0
Axes           | 18 21 23 25 27 | 27.0
Throwing       | 9 11 12 13 15 16 18 20 24 27 | 27.0
Armour         | 11 12 14 15 18 20 22 25 27 | 27.0
Dodging        | 18 21 22 25 27 | 27.0
Stealth        | 12 14 16 18 21 23 26 27 | 27.0
Unarmed Combat | 9 10 12 13 15 17 19 22 26 27 | 27.0
Spellcasting   | 8 10 11 12 14 16 18 20 24 27 | 27.0
Invocations    | 9 14 18 21 25 27 | 27.0

Action                   |  1- 3 |  4- 6 |  7- 9 | 10-12 | 13-15 | 16-18 | 19-21 | 22-24 | 25-27 || total
-------------------------+-------+-------+-------+-------+-------+-------+-------+-------+-------++-------
Melee: Executioner's axe |     1 |       |       |       |     4 |     6 |     6 |     6 |    18 ||    41
Armor: Leather armour    |       |       |       |       |       |       |       |       |     1 ||     1
Dodge: Dodged            |       |       |       |       |       |       |     2 |       |     3 ||     5
